 Dungeon Crawl Stone Soup version 0.27-a0-460-g297a19dbdb (webtiles) character file.

Game seed: 13232512622826538273

965 Anon1729 the Stinger (level 8, -5/46 HPs)
             Began as an Octopode Venom Mage on Feb 28, 2021.
             Was an Initiate of Gozag.
             Blown up by Ijyb (27 damage)
             ... with a mindburst bolt
             ... on level 5 of the Dungeon.
             The game lasted 00:10:35 (6978 turns).

Anon1729 the Stinger (Octopode Venom Mage)          Turns: 6978, Time: 00:10:36

Health: -5/46      AC:  1    Str:  7    XL:     8   Next: 15%
Magic:  6/14       EV: 14    Int: 20    God:    Gozag
Gold:   386        SH:  0    Dex: 12    Spells: 5/15 levels left

rFire    . . .     SeeInvis .   (no weapon)
rCold    . . .     Faith    .   (no shield)
rNeg     . . .     Spirit   .   (helmet restricted)
rPois    .         Reflect  .   (no amulet)
rElec    .         Harm     .   (no ring)
rCorr    .         Rampage  .   (no ring)
Will     .....                  (no ring)
Stlth    +++++.....             (no ring)
HPRegen  0.15/turn              (no ring)
MPRegen  0.14/turn              (no ring)
                                (no ring)
                                (no ring)

@: radiating poison, very slightly contaminated
A: almost no armour, stealthy swim, amphibious, 8 rings, constrict 8, camouflage
1, gelatinous body 1
a: Renounce Religion, Potion Petition, Call Merchant, Bribe Branch


You were on level 5 of the Dungeon.
You worshipped Gozag.
Gozag was aware of your devotion.
You visited 1 branch of the dungeon, and saw 5 of its levels.
You also visited: Sewer.

You collected 428 gold pieces.
You paid 42 gold pieces to Gozag.

Inventory:

Jewellery
 o - a ring of fire
Wands
 n - a wand of paralysis (7)
 p - a wand of flame (23)
 s - a wand of acid (8)
Scrolls
 a - a scroll of blinking {unknown}
 b - 4 scrolls of identify {unknown}
 d - 4 scrolls of fog {unknown}
 e - 4 scrolls of teleportation {unknown}
 g - 2 scrolls of fear {unknown}
 h - 2 scrolls of immolation {unknown}
 m - a scroll of amnesia {unknown}
 q - a scroll of random uselessness {unknown}
 r - a scroll of enchant armour {unknown}
 t - 2 scrolls of magic mapping {unknown}
Potions
 c - 2 potions of brilliance
 f - 4 potions of curing
 i - 3 potions of lignification {unknown}
 j - 3 potions of attraction {unknown}
 k - 4 potions of heal wounds {unknown}
 l - 3 potions of might {unknown}
 u - 2 potions of haste
 v - a potion of berserk rage {unknown}


   Skills:
 - Level 0.1 Fighting
 + Level 3.9 Dodging
 + Level 5.1 Stealth
 - Level 0.3 Unarmed Combat
 + Level 4.2 Spellcasting
 + Level 3.8 Transmutations
 * Level 7.2 Poison Magic


You had 5 spell levels left.
You knew the following spells:

 Your Spells              Type           Power        Failure   Level
a - Sting                 Tmut/Pois      100%         1%          1
b - Poisonous Vapours     Pois/Air       36%          4%          2
c - Ignite Poison         Fire/Tmut/Pois 19%          9%          3
d - Olgreb's Toxic Radia  Pois           33%          6%          4

Your spell library contained the following spells:

 Spells                   Type           Power        Failure   Level
 Mephitic Cloud           Conj/Pois/Air  13%          14%         3


Dungeon Overview and Level Annotations

Branches:
Dungeon (5/15)              Sewer (visited)
 Temple: D:4-7

Altars:
Dithmenos
Gozag
Makhleb
Uskayaw
Wu Jian
Xom
The Shining One

Annotations:
D:3 3 runed translucent doors, racehazard's ghost, amateur HOBe
D:4 Grinder
D:5 Ijyb


Innate Abilities, Weirdness & Mutations

You cannot wear most types of armour.
You are very stealthy in the water. (Stealth+)
You are amphibious.
You can wear up to eight rings at the same time.
You can use your tentacles to constrict eight enemies at once.
Your skin changes colour to match your surroundings (Stealth+).
Your rubbery body absorbs attacks. (AC +1, EV +1)


Message History

You kill the jackal!
Your toxic aura wanes.
You now have 367 gold pieces (gained 6).
You start resting.
Magic restored.
You start resting.
HP restored.
You now have 373 gold pieces (gained 6).
There is a stone staircase leading down here.
Found a hunting sling.
g - 2 scrolls labelled AGHEAL JIXIU (gained 1)
Found an escape hatch in the ceiling.
You now have 380 gold pieces (gained 7).
Things that are here:
a +0 robe; a +4 scimitar of draining You now have 386 gold pieces (gained 6).
There is a stone staircase leading up here.
c - 2 potions of brilliance (gained 1) Ijyb the Twisted Goblin comes into view.
She is wielding a +0 club and carrying a wand of mindburst (15).
The kobold shouts!
The hobgoblin shouts!
You hear a shout!
Ijyb is nearby!
Ijyb is nearby!
Casting: Olgreb's Toxic Radiance (dangerous; 6% risk of failure)
Confirm with . or Enter, or press ? or * to list all spells.
You miscast Olgreb's Toxic Radiance.
You are very lightly contaminated with residual magic.
Nothing appears to happen.
The kobold shouts!
Ijyb shouts!
You hear a shout! x2
Ijyb screams, "Me very upset!"
Ijyb zaps a wand.
Your mind is blasted!
Ouch! That really hurt!
You hear a shout!
Unknown command.
Unknown command.
Casting: Olgreb's Toxic Radiance (dangerous; 6% risk of failure)
Confirm with . or Enter, or press ? or * to list all spells.
You begin to radiate toxic energy.
Ijyb is poisoned.
Ijyb looks even sicker.
Ijyb zaps a wand.
Your mind is blasted!
Ouch! That really hurt!
You die...

#...>............
#................
#.......)........
................< #
................. .#
#...######.########.#
#.<.##..............#
#...##.##..####≈≈≈≈≈#.#g
######.#..###≈≈≈@≈≈≈≈...
#### #.#.## ###≈≈≈≈≈≈≈≈#
#... #.#.# $ ###≈######
#...##...# ## .......#.#
.K #...##.#.# .g#
#....#.#.. ###
#......#.## #....###.#


You could see Ijyb (very poisoned), a hobgoblin and a kobold.

Vanquished Creatures
  Sigmund (D:2)
  Purgy (Sewer)
  An ogre (D:4)
  Blork the orc (D:5)
  2 scorpions
  2 orc priests (D:3)
  A jelly (D:4)
  A gnoll shaman (D:3)
  An iguana (D:3)
  2 orc wizards
  11 gnolls
  5 adders
  An ooze (D:2)
  2 worms (D:2)
  An adder skeleton (D:4)
  2 dart slugs (D:1)
  4 leopard geckos
  14 orcs
  3 ball pythons
  A giant cockroach (D:1)
  8 goblins
  3 hobgoblins
  8 jackals
  3 quokkas
  8 bats
  9 frilled lizards
  5 kobolds
  A quokka skeleton (D:4)
  6 rats
108 creatures vanquished.

Notes
Turn   | Place    | Note
-------+----------+-------------------------------------------
     0 | D:1      | Anon1729 the Octopode Venom Mage began the quest for the
                  | Orb.
     0 | D:1      | Reached XP level 1. HP: 11/11 MP: 3/3
   125 | D:1      | Reached skill level 4 in Poison Magic
   172 | D:1      | Reached XP level 2. HP: 17/17 MP: 3/5
   925 | D:1      | Reached XP level 3. HP: 20/21 MP: 0/6
  2185 | D:3      | Found a runed translucent gate.
  2185 | D:3      | Found a runed translucent gate.
  2185 | D:3      | Found a runed translucent gate.
  2185 | D:3      | Noticed racehazard's ghost (amateur HOBe)
  2296 | D:3      | Reached XP level 4. HP: 12/27 MP: 4/8
  2673 | D:3      | Reached XP level 5. HP: 28/31 MP: 3/9
  2973 | D:3      | Reached skill level 5 in Poison Magic
  3015 | D:3      | Learned a level 2 spell: Poisonous Vapours
  3019 | D:3      | Learned a level 3 spell: Ignite Poison
  3024 | D:3      | Learned a level 4 spell: Olgreb's Toxic Radiance
  3494 | D:2      | Noticed Sigmund
  3497 | D:2      | Killed Sigmund
  3498 | D:2      | Reached XP level 6. HP: 27/36 MP: 3/11
  3965 | D:3      | Reached skill level 6 in Poison Magic
  4358 | D:2      | Reached XP level 7. HP: 41/41 MP: 0/12
  4592 | D:2      | Found a shadowy altar of Dithmenos.
  4597 | D:2      | Found a hide-covered altar of Uskayaw.
  4598 | D:2      | Found an opulent altar of Gozag.
  4720 | D:2      | Found a shimmering altar of Xom.
  4961 | D:2      | Found an ornate altar of the Wu Jian Council.
  4974 | D:2      | Became a worshipper of Gozag Ym Sagoz the Greedy
  5263 | D:4      | Found a burning altar of Makhleb.
  5335 | D:4      | Found a glowing drain.
  5371 | Sewer    | Entered a sewer
  5607 | Sewer    | Noticed Purgy
  5618 | Sewer    | Killed Purgy
  6174 | D:4      | Noticed Grinder
  6180 | D:4      | Paralysed by Grinder for 7 turns
  6186 | D:4      | HP: 1/41 [Grinder/nerve-wracking pain (12)]
  6551 | D:4      | Found a glowing golden altar of the Shining One.
  6674 | D:5      | Entered Level 5 of the Dungeon
  6675 | D:5      | Noticed Blork the orc
  6679 | D:5      | Killed Blork the orc
  6680 | D:5      | Reached skill level 7 in Poison Magic
  6680 | D:5      | Reached XP level 8. HP: 37/46 MP: 4/14
  6759 | D:4      | Reached skill level 5 in Stealth
  6976 | D:5      | Noticed Ijyb
  6978 | D:5      | Blown up by Ijyb

Illustrated notes

Levels and vault maps discovered:
D:1:      scummos_arrival_star, layout_basic, minmay_misc_feat_chi,
          chequers_serial_rivers_small_a, minivault_19, minmay_pentomino_o2
D:2:      layout_rooms, grunt_temple_overflow_open, tgw_xom, uniq_sigmund
D:3:      layout_basic, ebering_ghost_rock_garden
D:4:      layout_cave_pools, old_standard_altar, lemuel_round_altar,
          portal_sewer_entry_d, uniq_grinder
D:5:      cheibrodos_thug_alley, layout_basic, marbit_many_paths, slow_altar_2,
          basic_altar, okawaru_gym_becter, uniq_ijyb, uniq_duvessa,
          uniq_blork_the_orc

Skill      XL: |  1  2  3  4  5  6  7  8 |
---------------+-------------------------+-----
Poison Magic   | 4 5 6 7 |  7.2
Spellcasting   | 3 4 |  4.2
Transmutations | 2 3 |  3.8
Stealth        | 3 4 5 |  5.1
Dodging        | 3 |  3.9
Fighting       | |  0.1
Unarmed Combat | |  0.3

Action                   |  1- 3 |  4- 6 |  7- 9 || total
-------------------------+-------+-------+-------++-------
Melee: Unarmed           |    28 |    39 |    51 ||   118
       Constrict         |     8 |    11 |    13 ||    32
       Tentacles         |     7 |     4 |    10 ||    21
 Cast: Sting             |    63 |    38 |     7 ||   108
       Ignite Poison     |       |     5 |    10 ||    15
       Olgreb's Toxic Ra |       |     3 |    13 ||    16
       Poisonous Vapours |       |       |     2 ||     2
Evoke: Wand              |       |       |     1 ||     1
  Use: Potion            |     2 |       |     1 ||     3
 Stab: Sleeping          |       |     3 |     3 ||     6
       Paralysed         |       |       |     4 ||     4
Armor: Skin              |    14 |     6 |     7 ||    27
Dodge: Dodged            |    50 |    36 |    46 ||   132

Table legend: (Time is in decaauts)
 A = Elapsed time spent in this place.
 B = Non-inter-level travel time spent in this place.
 C = Inter-level travel time spent in this place.
 D = Time resting spent in this place.
 E = Time spent auto-exploring this place.
 F = Levels seen in this place.
 G = Mean time per level.
                   A        B        C        D        E       F      G
               +--------+--------+--------+--------+--------+-----+--------+
         Total |   6983 |   6755 |    228 |   1714 |   4192 |   6 | 1163.8 |
       Dungeon |   6580 |   6352 |    228 |   1714 |   3858 |   5 | 1316.0 |
         Sewer |    403 |    403 |      0 |      0 |    334 |   1 |  403.0 |
               +--------+--------+--------+--------+--------+-----+--------+

Top non-repeatable levels by time:
     D:3: 2634 daAuts
     D:1: 1552 daAuts
     D:2: 1216 daAuts
     D:4: 997 daAuts
   Sewer: 403 daAuts
     D:5: 178 daAuts
